 Dungeon Crawl Stone Soup version 0.17-a0-764-gd40c196 (webtiles) character file.

127 nataq the Skirmisher (level 4, 0/37 HPs)
             Began as a Demonspawn Fighter on Apr 23, 2015.
             Succumbed to a gnoll's poison
             ... on level 2 of the Dungeon.
             The game lasted 00:03:15 (1767 turns).

nataq the Skirmisher (Demonspawn Fighter)           Turns: 1767, Time: 00:03:15

Health: 0/37       AC: 12    Str: 26    XL:     4   Next: 85%
Magic:  4/4        EV:  7    Int: 13    God:
Gold:   125        SH:  0    Dex: 13    Spells: 0 memorised, 3 levels left

rFire  . . .     SeeInvis .     a - +0 war axe
rCold  . . .     Clarity  .     i - +0 plate armour
rNeg   . . .     SustAb   .     (no shield)
rPois  .         Gourm    .     (helmet restricted)
rElec  .         Spirit   .     (no cloak)
rCorr  .         Warding  .     (no gloves)
rMut   .         Stasis   .     (no boots)
MR     .....                    (no amulet)
Stlth  ..........               m - +4 ring of strength
                                g - +4 ring of intelligence (curse)

@: mighty, lethally poisoned (0 -> -3), exhausted, slowed, drained, very slow,
not resistant to hostile enchantments, extremely unstealthy
A: antennae 1, icy blue scales 1, demonic guardian 1
a: no special abilities


You were on level 2 of the Dungeon.
You were near starving.

You visited 1 branch of the dungeon, and saw 2 of its levels.

You collected 125 gold pieces.

Inventory:

Hand weapons
 a - a +0 war axe (weapon)
Armour
 b - a +0 scale mail
 i - a +0 plate armour (worn)
Jewellery
 g - a cursed +4 ring of intelligence (left hand)
 m - a +4 ring of strength (right hand)
Scrolls
 c - 2 scrolls of remove curse {unknown}
 f - 2 scrolls of identify {unknown}
 h - a scroll of fear {unknown}
 l - a scroll of noise {unknown}
 n - a scroll of enchant armour {unknown}
Comestibles
 e - 2 bread rations
 k - a meat ration


   Skills:
 + Level 4.1(3.9) Fighting
 + Level 3.0(2.9) Axes
 + Level 3.5(3.4) Armour
   Level 2.6(2.5) Shields


You had 3 spell levels left.
You didn't know any spells.

Dungeon Overview and Level Annotations

Branches:
Dungeon (2/15)

Altars:
Sif Muna


Innate Abilities, Weirdness & Mutations

You have a pair of small antennae on your head.
A weak demonic guardian rushes to your aid.
You are partially covered in icy blue scales (AC +1).


Message History

You feel sick.
Read which item? (? for menu, Esc to quit)
Okay, then.
You aren't carrying any potions.
Unknown command.
Eat which item? (? for menu, Esc to quit)
Okay, then.
Read which item? (? for menu, Esc to quit)
Okay, then.
Put on which piece of jewellery? (? for menu, Esc to quit)
You feel clever.
Oops, that ring feels deathly cold.
g - a cursed +4 ring of intelligence (left hand) Put on which piece of jewellery? (? for menu, Esc to quit)
You feel stronger.
m - a +4 ring of strength (right hand) Read which item? (? for menu, Esc to quit)
Okay, then.
You swap places.
You die...

..(...# #[..## {
≈⌠... #..## ###
#..#≈#≈# #### #.##
{##))##≈# ##.##
##)###### ###..#
#)..# #....##
#.†#######
#.###.###).........
#.# ##.5@†####!##.
#.# ####.# .# #.#
#.# ..# #.# #.# #<#
#.# #.. #.# #># #.#
###.###### #.# #.#
#.#....... #.# #.#
#...##### #.#
####.## ##..#


You could see a friendly quasit.

Vanquished Creatures
  5 gnolls (D:2)
  2 adders (D:2)
  A worm (D:2)
  2 giant cockroaches
  4 goblins
  5 hobgoblins
  10 jackals
  3 kobolds
  2 quokkas (D:2)
  3 bats (D:1)
  2 giant newts (D:2)
  9 rats
48 creatures vanquished.

Vanquished Creatures (collateral kills)
  3 gnolls (D:2)
3 creatures vanquished.

Vanquished Creatures (others)
  A white imp (D:2)
1 creature vanquished.

Grand Total: 52 creatures vanquished

Notes
Turn   | Place    | Note
--------------------------------------------------------------
     0 | D:1      | nataq, the Demonspawn Fighter, began the quest for the Orb.
     0 | D:1      | Reached XP level 1. HP: 18/18 MP: 1/1
   110 | D:1      | Gained mutation: A weak demonic guardian rushes to your aid. [demonic ancestry]
   110 | D:1      | Reached XP level 2. HP: 20/24 MP: 2/2
   722 | D:2      | Gained mutation: You have a pair of small antennae on your head. [demonic ancestry]
   722 | D:2      | Reached XP level 3. HP: 20/29 MP: 3/3
  1056 | D:2      | Found a deep blue altar of Sif Muna.
  1437 | D:2      | Gained mutation: You are partially covered in icy blue scales (AC +1). [potion of beneficial mutation]
  1733 | D:2      | Reached XP level 4. HP: 30/37 MP: 4/4
  1757 | D:2      | Reached skill level 4 in Fighting
  1764 | D:2      | HP: 1/37 [poisoned by a gnoll]
  1767 | D:2      | Succumbed to a gnoll's poison

Action                   |  1- 3 |  4- 6 || total
-------------------------+-------+-------++-------
Melee: War axe           |    99 |    16 ||   115
  Use: Potion            |     3 |       ||     3
  Eat: Chunk             |     2 |       ||     2
